 Dungeon Crawl Stone Soup version 0.20.0 (webtiles) character file.

51789 Somefellow the Cleaver (level 14, -3/133 HPs)
             Began as a Minotaur Berserker on June 22, 2017.
             Was a High Priest of Trog.
             Slain by a salamander
             ... wielding a +0 glaive
              (6 damage)
             ... on level 2 of the Snake Pit on June 23, 2017.
             The game lasted 00:37:17 (14968 turns).

Somefellow the Cleaver (Minotaur Berserker)        Turns: 14968, Time: 00:37:18

Health: -3/133     AC: 20    Str: 28    XL:     14   Next: 24%
Magic:  13/13      EV: 16    Int:  4    God:    Trog [*****.]
Gold:   1080       SH:  0    Dex:  9    Spells: 13/13 levels left

rFire    + . .     SeeInvis +   K - +3 broad axe (vamp)
rCold    . . .     Gourm    .   (no shield)
rNeg     . . .     Faith    .   l - +5 ring mail of Crawling {rElec rF+ MR+ Slay+3}
rPois    .         Spirit   .   y - +2 hat {MR+}
rElec    +         Reflect  .   F - +2 cloak
rCorr    .         Harm     .   (no gloves)
MR       +++++                  C - +0 pair of boots
Stlth    ..........             (no amulet)
Regen    1.4/turn               m - +2 ring of evasion
MPRegen  0.2/turn               z - ring of see invisible

@: lethally poisoned (-3 -> -4), berserk cooldown, very slightly contaminated,
regenerating, slowed, constricted, very slow
A: retaliatory headbutt, horns 2
a: Berserk, Trog's Hand, Brothers in Arms, Burn Spellbooks, Renounce Religion


You were on level 2 of the Snake Pit.
You worshipped Trog.
Trog was extremely pleased with you.
You were near starving.

You visited 4 branches of the dungeon, and saw 18 of its levels.
You also visited: Sewer.

You collected 1184 gold pieces.
You spent 104 gold pieces at shops.

Inventory:

Hand Weapons
 K - a +3 vampiric broad axe (weapon)
   (Trog gifted it to you on level 1 of the Snake Pit)
Armour
 e - a +1 cloak of invisibility
   (You took it off Crazy Yiuf on level 7 of the Dungeon)
 l - the +5 ring mail of Crawling (worn) {rElec rF+ MR+ Slay+3}
   (You found it on level 8 of the Dungeon)

   It affects your accuracy and damage with ranged weapons and melee attacks
   (+3).
   It protects you from fire.
   It insulates you from electricity.
   It affects your resistance to hostile enchantments.
 y - a +2 hat of magic resistance (worn)
   (You found it on level 5 of the Dungeon)
 C - a +0 pair of boots (worn)
   (You found it on level 7 of the Dungeon)
 F - a +2 cloak (worn)
   (You found it on level 1 of the Snake Pit)
Jewellery
 m - a +2 ring of evasion (left hand)
   (You found it on level 3 of the Dungeon)
 n - an uncursed ring of positive energy
   (You found it on level 3 of the Dungeon)
 p - a +4 ring of dexterity
   (You found it on level 8 of the Dungeon)
 z - a ring of see invisible (right hand)
   (You found it on level 3 of the Lair of Beasts)
 D - an uncursed ring of flight
   (You found it on level 4 of the Lair of Beasts)
Scrolls
 h - 10 scrolls of remove curse {@r2}
 i - 15 scrolls of identify {@r1}
 o - 6 scrolls of teleportation {@r4}
 v - 4 scrolls of recharging
 x - 2 scrolls of enchant weapon
 H - a scroll of enchant armour
 I - a scroll of magic mapping
Potions
 a - a potion of invisibility
 b - 4 potions of berserk rage
 f - 9 potions of curing {@q1}
 g - 2 potions of haste {@q3}
 k - a potion of cancellation
 s - a potion of agility
 t - 2 potions of resistance
 u - 2 potions of flight
Comestibles
 q - 10 bread rations
 A - 3 meat rations
 G - 2 royal jellies


   Skills:
 + Level 14.8 Fighting
 + Level 14.9 Axes
 + Level 14.6 Armour
 + Level 13.7 Dodging


You had 13 spell levels left.
You didn't know any spells.

Dungeon Overview and Level Annotations

Branches:
Dungeon (9/15)             Temple (1/1) D:6            Lair (6/6) D:9
  Swamp (0/4) Lair:3        Snake (2/4) Lair:2        Slime (0/5) Lair:5
    Orc: D:9-12

Altars:
Ashenzari
Cheibriados
Dithmenos
Elyvilon
Fedhas
Gozag
Hepliaklqana
Kikubaaqudgha
Makhleb
Nemelex Xobeh
Okawaru
Qazlal
Ru
Sif Muna
Trog
Uskayaw
Vehumet
Xom
Yredelemnul
Zin
The Shining One
Jiyva

Shops:
D:4 *   D:7 !


Innate Abilities, Weirdness & Mutations

You reflexively headbutt those who attack you in melee.
You have a pair of horns on your head.


Message History

You feel better.
You are no longer berserk.
You are exhausted.
You feel yourself slow down.
You feel sick.
The salamander hits you but does no damage.
The naga warrior hits you with a hand axe!!
The naga warrior constricts you.
You slash the naga warrior!
You headbutt the naga warrior, but do no damage.
You closely miss the salamander mystic. You hit the salamander mystic.
You feel better.
You feel sick.
The naga sharpshooter casts a spell.
The naga sharpshooter magically shoots an arrow.
The arrow hits you but does no damage.
The naga sharpshooter mumbles some strange words.
The naga sharpshooter magically shoots a bolt.
The bolt hits you!!
The salamander mystic casts a spell at the naga warrior.
The naga warrior seems to speed up.
The salamander mystic closely misses you.
You furiously retaliate!
You headbutt the salamander mystic! The salamander closely misses you.
The naga warrior hits you but does no damage.
The naga warrior constricts you.
The naga sharpshooter casts a spell.
The naga sharpshooter magically shoots a bolt.
The bolt hits you!!
* * * LOW HITPOINT WARNING * * *
A naga mage comes into view.
Unknown command.
You can't go up here!
The naga warrior's grasp on you weakens, but your attempt to escape fails.
The salamander mystic hits you with a quarterstaff.
* * * LOW HITPOINT WARNING * * *
You are engulfed in flames!
You resist.
* * * LOW HITPOINT WARNING * * *
The naga warrior hits you with a hand axe.
* * * LOW HITPOINT WARNING * * *
* * * LOW HITPOINT WARNING * * *
The naga warrior constricts you.
The salamander mystic hits you with a quarterstaff.
* * * LOW HITPOINT WARNING * * *
You are engulfed in flames!
You resist.
* * * LOW HITPOINT WARNING * * *
The naga sharpshooter mumbles some strange words.
The naga sharpshooter magically shoots an arrow.
The arrow completely misses you.
The salamander hits you from afar with a glaive.
You die...

.. #.. ####.##
# ##
#.....#.###
...##.....#....
NN........#
#.....#
#.<.N#.##
#.#@N...#
#..NN....#
#.#.N......
#.#......#.
..#..N...#
.####.....# #.
N##.## . .# ..


You could see a naga warrior, a naga sharpshooter, 2 salamander mystics, a
salamander, 2 naga magi and a naga.

Vanquished Creatures
  The ghost of Bregath the Severer, an adept MiBe of Trog (Snake:1)
  4 dire elephants (Lair:6)
  Harold (Lair:1)
  4 hydras
  4 naga warriors (Snake:1)
  4 anacondas
  5 two-headed ogres
  4 death yaks (Lair:4)
  2 shock serpents
  A mana viper (Snake:1)
  A salamander (Snake:1)
  9 elephants (Lair:6)
  3 naga magi (Snake:1)
  Joseph (D:8)
  8 black mambas
  8 spiny frogs
  6 rime drakes
  8 komodo dragons
  3 polar bears
  2 trolls (D:9)
  A slime creature (Lair:3)
  3 tyrant leeches (Lair:3)
  7 dream sheep (Lair:4)
  12 blink frogs
  5 hippogriffs
  6 wyverns
  2 spriggans
  6 yaks
  5 basilisks
  2 hungry ghosts
  5 nagas
  11 water moccasins
  7 porcupines
  A black bear (Lair:3)
  An orc warrior (D:9)
  6 necrophages
  2 phantoms
  An ogre (D:4)
  15 crocodiles
  12 wolves
  4 centaurs
  2 big kobolds
  A gnoll sergeant (D:5)
  15 bullfrogs
  3 scorpions
  6 killer bees (D:8)
  A howler monkey (D:4)
  A bullfrog zombie (D:5)
  A bullfrog skeleton (D:4)
  2 quasits
  Crazy Yiuf (D:7)
  10 jellies
  3 orc priests
  Terence (D:2)
  4 iguanas
  9 orc wizards
  6 worker ants
  A hound zombie (D:8)
  A hound skeleton (D:7)
  2 worker ant zombies
  5 gnolls (D:5)
  4 adders
  2 river rats (Sewer)
  5 shadow imps
  11 oozes
  An adder skeleton (D:9)
  7 worms
  A dart slug (D:1)
  4 leopard geckos
  32 orcs
  6 bats
  3 giant cockroaches
  4 goblins
  5 hobgoblins
  15 jackals
  2 quokkas
  6 frilled lizards
  16 kobolds
  A quokka skeleton (D:4)
  2 quokka zombies (D:5)
  6 rats
  3 fungi
  10 plants
414 creatures vanquished.

Vanquished Creatures (others)
  8 fungi
  A plant (Lair:1)
9 creatures vanquished.

Grand Total: 423 creatures vanquished

Notes
Turn   | Place    | Note
-------+----------+-------------------------------------------
     0 | D:1      | Somefellow the Minotaur Berserker began the quest for the Orb.
     0 | D:1      | Reached XP level 1. HP: 19/19 MP: 0/0
   145 | D:1      | Reached XP level 2. HP: 22/27 MP: 1/1
   980 | D:2      | Noticed Terence
   983 | D:2      | Killed Terence
   983 | D:2      | Reached XP level 3. HP: 28/33 MP: 2/2
  1182 | D:2      | Reached ** piety under Trog
  1260 | D:2      | Found a bloodstained altar of Trog.
  1514 | D:3      | Reached XP level 4. HP: 39/40 MP: 3/3
  1888 | D:3      | Found a faded altar of an unknown god.
  1984 | D:3      | Reached XP level 5. HP: 47/47 MP: 4/4
  2205 | D:4      | Found Umaxkupn's Elemental Accessories.
  2361 | D:4      | Reached skill level 5 in Axes
  2399 | D:4      | Reached skill level 5 in Fighting
  2442 | D:4      | Reached XP level 6. HP: 42/56 MP: 5/5
  2504 | D:4      | Found a glowing drain.
  2517 | D:4      | Reached *** piety under Trog
  2525 | Sewer    | Entered a sewer
  2625 | Sewer    | Found a white marble altar of Elyvilon.
  3480 | D:5      | Entered Level 5 of the Dungeon
  3484 | D:5      | Reached skill level 5 in Armour
  3484 | D:5      | Reached XP level 7. HP: 56/62 MP: 6/6
  3964 | D:5      | Found an opulent altar of Gozag.
  4205 | D:6      | Reached skill level 5 in Dodging
  4345 | D:6      | Reached XP level 8. HP: 55/71 MP: 7/7
  4372 | D:6      | Found a hazy altar of Hepliaklqana.
  4615 | D:6      | Found a staircase to the Ecumenical Temple.
  4675 | D:6      | Found a glowing silver altar of Zin.
  5050 | D:7      | Reached **** piety under Trog
  5245 | D:7      | Found Maegof's Distillery.
  5253 | D:7      | Bought a potion of invisibility for 104 gold pieces
  5340 | D:7      | Found a runed door.
  5513 | D:7      | Noticed Crazy Yiuf
  5521 | D:7      | Killed Crazy Yiuf
  5729 | D:8      | Noticed Joseph
  5739 | D:8      | Reached XP level 9. HP: 46/80 MP: 8/8
  5742 | D:8      | Killed Joseph
  5771 | D:8      | Got a scorched ring mail
  5817 | D:8      | Noticed a two-headed ogre
  5828 | D:8      | Killed a two-headed ogre
  5884 | D:8      | Noticed a two-headed ogre
  5889 | D:8      | Killed a two-headed ogre
  5889 | D:8      | Reached XP level 10. HP: 90/90 MP: 9/9
  6184 | D:8      | Noticed a two-headed ogre
  6191 | D:8      | Killed a two-headed ogre
  6358 | D:9      | Reached skill level 10 in Fighting
  6405 | D:9      | Reached skill level 10 in Axes
  6412 | D:9      | Found a staircase to the Lair.
  6434 | D:9      | Got a jewelled scale mail
  6445 | D:9      | Identified the +5 ring mail of Crawling {rElec rF+ MR+ Slay+3} (You found it on level 8 of the Dungeon)
  6455 | D:9      | Identified the +3 scale mail "Fasigug" {rElec Slay+3} (You found it on level 9 of the Dungeon)
  6525 | D:9      | Reached ***** piety under Trog
  6595 | D:9      | Noticed a two-headed ogre
  6604 | D:9      | Killed a two-headed ogre
  6604 | D:9      | Reached skill level 10 in Armour
  6671 | D:9      | Found a sacrificial altar of Ru.
  6878 | D:9      | Noticed a two-headed ogre
  6885 | D:9      | Killed a two-headed ogre
  6931 | D:9      | Found a hide-covered altar of Uskayaw.
  6936 | D:9      | Found a stormy altar of Qazlal.
  6936 | D:9      | Found a sparkling altar of Nemelex Xobeh.
  6948 | D:9      | Found a shimmering altar of Xom.
  6951 | D:9      | Found a glowing golden altar of the Shining One.
  7236 | Temple   | Entered the Ecumenical Temple
  7633 | Lair:1   | Entered Level 1 of the Lair of Beasts
  7636 | Lair:1   | Reached XP level 11. HP: 100/100 MP: 10/10
  7646 | Lair:1   | Noticed Harold
  7656 | Lair:1   | Killed Harold
  7759 | Lair:1   | Reached skill level 10 in Dodging
  7922 | Lair:1   | Noticed a six-headed hydra
  8577 | Lair:1   | Killed a 14-headed hydra
  8884 | Lair:2   | Found a staircase to the Snake Pit.
  9171 | Lair:2   | Received a gift from Trog
  9559 | Lair:3   | Reached XP level 12. HP: 66/111 MP: 11/11
  9931 | Lair:3   | Found a staircase to the Swamp.
 10061 | Lair:3   | Noticed a five-headed hydra
 10067 | Lair:3   | Killed a seven-headed hydra
 10562 | Lair:4   | Noticed a death yak
 10564 | Lair:4   | Noticed a death yak
 10564 | Lair:4   | Noticed a death yak
 10565 | Lair:4   | Noticed a death yak
 10568 | Lair:4   | Killed a death yak
 10576 | Lair:4   | Killed a death yak
 10612 | Lair:4   | Killed a death yak
 10612 | Lair:4   | Killed a death yak
 11595 | Lair:5   | Received a gift from Trog
 11774 | Lair:5   | Reached XP level 13. HP: 122/122 MP: 12/12
 11870 | Lair:5   | Found a viscous altar of Jiyva.
 11871 | Lair:5   | Found a staircase to the Slime Pits.
 12118 | Lair:6   | Entered Level 6 of the Lair of Beasts
 13330 | Lair:6   | Noticed a dire elephant
 13330 | Lair:6   | Noticed a dire elephant
 13335 | Lair:6   | Killed a dire elephant
 13345 | Lair:6   | Killed a dire elephant
 13366 | Lair:6   | Noticed a dire elephant
 13374 | Lair:6   | Killed a dire elephant
 13453 | Lair:6   | Noticed a dire elephant
 13469 | Lair:6   | Killed a dire elephant
 13824 | Snake:1  | Entered Level 1 of the Snake Pit
 13988 | Snake:1  | Noticed Bregath's ghost (adept MiBe)
 14000 | Snake:1  | Killed Bregath's ghost
 14343 | Snake:1  | Reached XP level 14. HP: 122/133 MP: 13/13
 14673 | Snake:1  | Received a gift from Trog
 14968 | Snake:2  | HP: 3/133 [salamander mystic/quarterstaff (7)]
 14968 | Snake:2  | Slain by a salamander

Skill      XL: |  1  2  3  4  5  6  7  8  9 10 11 12 13 |
---------------+----------------------------------------+-----
Fighting       | 4 5 6 8 9 10 12 13 14 | 14.8
Armour         | 3 4 5 7 8 10 11 13 14 | 14.6
Axes           | 4 5 6 7 9 10 12 13 14 | 14.9
Dodging        | 3 4 5 6 8 9 11 12 13 | 13.7

Action                   |  1- 3 |  4- 6 |  7- 9 | 10-12 | 13-15 || total
-------------------------+-------+-------+-------+-------+-------++-------
Melee: Hand axe          |    69 |    35 |       |       |       ||   104
       Headbutt          |    12 |    21 |    25 |    68 |    54 ||   180
       War axe           |       |    92 |   165 |   107 |       ||   364
       Battleaxe         |       |       |       |   235 |       ||   235
       Executioner's axe |       |       |       |    12 |   199 ||   211
       Broad axe         |       |       |       |       |    32 ||    32
Invok: Berserk           |     1 |     1 |     3 |     4 |     4 ||    13
       Trog's Hand       |       |     2 |     6 |     4 |     4 ||    16
       Burn Spellbooks   |       |       |       |     1 |     2 ||     3
  Use: Scroll            |       |       |     9 |     5 |     3 ||    17
       Potion            |       |       |     8 |     5 |     1 ||    14
  Eat: Chunk             |     3 |     6 |     6 |    20 |     7 ||    42
       Meat ration       |       |     1 |     1 |     1 |     1 ||     4
       Fruit             |       |       |     2 |       |     2 ||     4
       Royal jelly       |       |       |     1 |       |       ||     1
       Bread ration      |       |       |       |       |     1 ||     1
Armor: Animal skin       |     9 |       |       |       |       ||     9
       Scale mail        |     6 |    54 |    74 |    14 |       ||   148
       Ring mail         |       |       |       |    93 |   113 ||   206
Dodge: Dodged            |    45 |    71 |   131 |   353 |   237 ||   837
